 Dungeon Crawl Stone Soup version 0.24-a0-521-g122614bf49 (webtiles) character file.

Game seed: 15931805062608377564

394 Gynju the Cleaver (level 6, -1/51 HPs)
             Began as a Hill Orc Fighter on July 28, 2019.
             Slain by a gnoll
             ... wielding a +0 halberd
              (11 damage)
             ... on level 3 of the Dungeon.
             The game lasted 00:03:03 (2670 turns).

Gynju the Cleaver (Hill Orc Fighter)                Turns: 2670, Time: 00:03:04

Health: -1/51      AC:  8    Str: 21    XL:     6   Next: 82%
Magic:  6/6        EV:  7    Int:  8    God:
Gold:   134        SH:  9    Dex: 10    Spells: 5/5 levels left

rFire    . . .     SeeInvis .   a - +0 war axe
rCold    . . .     Gourm    .   c - +0 shield
rNeg     . . .     Faith    .   b - +0 scale mail
rPois    .         Spirit   .   p - +2 hat
rElec    .         Reflect  .   (no cloak)
rCorr    .         Harm     .   (no gloves)
MR       .....                  (no boots)
Stlth    ..........             (no amulet)
HPRegen  0.17/turn              (no ring)
MPRegen  0.10/turn              (no ring)

@: no status effects
A: no striking features
a: no special abilities


You were on level 3 of the Dungeon.
You were not hungry.

You visited 1 branch of the dungeon, and saw 3 of its levels.

You collected 134 gold pieces.

Inventory:

Hand Weapons
 a - a +0 war axe (weapon)
 g - a +0 mace
Armour
 b - a +0 scale mail (worn)
 c - a +0 shield (worn)
 p - a +2 hat (worn)
Jewellery
 j - a cursed ring of attention {unknown}
 s - a +6 ring of dexterity {unknown}
 y - a +2 ring of dexterity {unknown}
Scrolls
 e - 4 scrolls of remove curse {unknown}
 h - 2 scrolls of identify {unknown}
 k - 2 scrolls of enchant armour {unknown}
 m - a scroll of magic mapping {unknown}
 q - 3 scrolls of fog {unknown}
 r - a scroll of immolation {unknown}
 v - a scroll of teleportation {unknown}
 w - a scroll of enchant weapon {unknown}
Potions
 d - 2 potions of might
 i - a potion of agility
 l - a potion of cancellation {unknown}
 n - 3 potions of heal wounds {unknown}
 o - 2 potions of brilliance {unknown}
 t - a potion of flight {unknown}
 u - 2 potions of invisibility {unknown}
Comestibles
 f - 8 rations
 x - 8 chunks of flesh


   Skills:
 - Level 3.6 Fighting
 + Level 9.3 Axes
 - Level 3.2 Armour
 - Level 3.2 Shields


You had 5 spell levels left.
You didn't know any spells.
Your spell library was empty.

Dungeon Overview and Level Annotations

Branches:
Dungeon (3/15)

Altars:

Annotations:
D:3 2 transporters, Susanna's ghost, amateur HuMo


Message History

You are too injured to fight recklessly!
You are too injured to fight recklessly!
You are too injured to fight recklessly!
You are too injured to fight recklessly!
You are too injured to fight recklessly!
You are too injured to fight recklessly!
You are too injured to fight recklessly!
You are too injured to fight recklessly!
You are too injured to fight recklessly!
You are too injured to fight recklessly!
You are too injured to fight recklessly!
You are too injured to fight recklessly!
You are too injured to fight recklessly!
You are too injured to fight recklessly!
You hit the gnoll but do no damage.
The gnoll is lightly wounded.
The gnoll hits you from afar with a +0 spear.
* * * LOW HITPOINT WARNING * * *
The gnoll hits you with a +0 halberd!
You die...

#.....# #...#
####'## #...# #.#
#...#
#.###########...#
#....)...)...####
############.#
#.# #.#######.#
#.ggg@....#
###########


You could see 3 gnolls.

Vanquished Creatures
  Sigmund (D:2)
  Terence (D:2)
  Natasha (thrice) (D:2)
  5 adders
  A gnoll (D:3)
  3 worms
  3 leopard geckos
  4 orcs (D:3)
  2 giant cockroaches
  4 goblins
  8 hobgoblins
  7 jackals
  8 kobolds
  A quokka (D:2)
  14 bats
  4 frilled lizards (D:2)
  8 rats
77 creatures vanquished.

Notes
Turn   | Place    | Note
-------+----------+-------------------------------------------
     0 | D:1      | Gynju the Hill Orc Fighter began the quest for the Orb.
     0 | D:1      | Reached XP level 1. HP: 19/19 MP: 1/1
   130 | D:1      | Reached skill level 3 in Axes
   160 | D:1      | Reached XP level 2. HP: 26/26 MP: 2/2
   331 | D:1      | Reached skill level 4 in Axes
   701 | D:2      | Reached XP level 3. HP: 30/31 MP: 3/3
   862 | D:2      | Reached skill level 5 in Axes
  1073 | D:2      | Noticed Terence
  1087 | D:2      | Killed Terence
  1087 | D:2      | Reached skill level 6 in Axes
  1087 | D:2      | Reached XP level 4. HP: 17/39 MP: 4/4
  1294 | D:2      | You fall into a shaft and drop 1 floor!
  1526 | D:2      | Noticed Sigmund
  1535 | D:2      | Killed Sigmund
  1535 | D:2      | Reached skill level 8 in Axes
  1535 | D:2      | Reached XP level 5. HP: 45/45 MP: 5/5
  1535 | D:2      | Reached XP level 6. HP: 51/51 MP: 6/6
  1566 | D:2      | Noticed Natasha
  1579 | D:2      | Killed Natasha
  1833 | D:2      | Noticed Natasha
  1845 | D:2      | Killed Natasha
  1870 | D:2      | Noticed Natasha
  1876 | D:2      | Killed Natasha
  1967 | D:3      | Reached skill level 9 in Axes
  2107 | D:3      | Found a transporter.
  2115 | D:3      | Found a transporter.
  2116 | D:3      | Noticed Susanna's ghost (amateur HuMo)
  2116 | D:3      | Identified the +9 dire flail "Xotwupaamn" {holy, rPois rN+
                  | Str+3 Int-2 Stlth+}
  2670 | D:3      | Slain by a gnoll

Levels and vault maps discovered:
D:1:      minmay_arrival_widening_spiral_wide, layout_loops_cross,
          chequers_mini_garden
D:2:      layout_loops_cross, uniq_terence, uniq_sigmund, uniq_natasha
D:3:      layout_basic, chequers_ecumenical_altar_lobes, gammafunk_ghost_smash

Skill      XL: |  1  2  3  4  5  6 |
---------------+-------------------+-----
Axes           | 3 4 6 8 9 |  9.3
Fighting       | |  3.6
Armour         | |  3.2
Shields        | |  3.2

Action                   |  1- 3 |  4- 6 || total
-------------------------+-------+-------++-------
Melee: War axe           |   113 |   168 ||   281
  Eat: Chunk             |     1 |     5 ||     6
Armor: Scale mail        |    62 |    91 ||   153
Dodge: Dodged            |    35 |    57 ||    92
Block: Shield            |    69 |   110 ||   179

Table legend:
 A = Non-vault XP
 B = Vault XP
 C = Vault XP percentage of total XP
 D = Non-vault monster count
 E = Vault monster count
 F = Vault count percentage of total count
                 A         B        C        D         E       F
            +---------+---------+-------+---------+---------+-------
      Total |     273 |     291 |  51.6 |      74 |       3 |   3.9
            +---------+---------+-------+---------+---------+-------
        D:1 |      30 |       0 |   0.0 |      18 |       0 |   0.0
        D:2 |     149 |     291 |  66.1 |      34 |       3 |   8.1
        D:3 |      94 |       0 |   0.0 |      22 |       0 |   0.0
            +---------+---------+-------+---------+---------+-------
